 Dungeon Crawl Stone Soup version 0.25.1-8-g42b30a86e7 (webtiles) character file.

Game seed: 14171341077111936596

19569 hawla the Cruncher (level 12, 0/121 HPs)
             Began as a Red Draconian Conjurer on Dec 19, 2020.
             Was an Elder of Vehumet.
             Hit by a silver javelin thrown by a minotaur (17 damage)
             ... in a Gauntlet on Dec 20, 2020.
             The game lasted 00:56:45 (17891 turns).

hawla the Cruncher (Red Draconian Conjurer)        Turns: 17891, Time: 00:56:45

Health: 0/121      AC: 26    Str: 11    XL:     12   Next: 37%
Magic:  6/24       EV:  2    Int: 20    God:    Vehumet [****..]
Gold:   716        SH:  0    Dex: 12    Spells: 1/27 levels left

rFire    . . .     SeeInvis .   p - +1 quarterstaff
rCold    . . .     Gourm    .   (shield currently unavailable)
rNeg     + + +     Faith    .   (armour unavailable)
rPois    +         Spirit   .   (helmet currently unavailable)
rElec    .         Reflect  .   (cloak currently unavailable)
rCorr    .         Harm     .   (gloves currently unavailable)
MR       .....     NoTele   +   (boots currently unavailable)
Stlth    ++........             L - amulet of regeneration
HPRegen  0.70/turn              r - +4 ring of evasion
MPRegen  0.19/turn              B - ring of wizardry

@: tree-form
A: (breathe fire), unfitting armour, AC +8
a: Renounce Religion


You were in a Gauntlet.
You worshipped Vehumet.
Vehumet was greatly pleased with you.
You were very full.
You were a tree.
You visited 2 branches of the dungeon, and saw 13 of its levels.
You also visited: Gauntlet.

You collected 744 gold pieces.
You spent 28 gold pieces at shops.

Inventory:

Hand Weapons
 p - a +1 quarterstaff (weapon)
 A - a +2 scimitar of flaming
Missiles
 m - 20 boomerangs (quivered)
Armour
 i - a +2 hat
 k - a +1 cloak of magic resistance (melded)
 n - the +2 hat of the Falcon {+Inv rPois MR++ Str-4 Dex-2}
   (You found it in a Gauntlet)

   It affects your strength (-4).
   It affects your dexterity (-2).
   It protects you from poison.
   It affects your resistance to hostile enchantments.
   It lets you turn invisible.
 s - a +2 pair of gloves (melded)
 y - a +0 cloak
 G - the +3 hat of Pondering (melded) {ponderous, MR+ MP+10 Int+5}
   (You took it off Gastronok on level 10 of the Dungeon)

   It affects your intelligence (+5).
   It affects your resistance to hostile enchantments.
   It affects your magic capacity (+10).
 K - a +0 cloak of preservation
 M - a +1 pair of boots of flying (melded)
Jewellery
 o - an uncursed ring of stealth
 r - a +4 ring of evasion (left branch)
 w - an uncursed amulet of the acrobat
 B - a ring of wizardry (right branch)
 H - an uncursed ring of wizardry
 L - an amulet of regeneration (around neck)
Wands
 c - a wand of paralysis (11)
 d - a wand of acid (10)
 q - a wand of clouds (19)
 t - a wand of random effects (51)
 I - a wand of iceblast (9)
 J - a wand of flame (10)
Scrolls
 a - 6 scrolls of remove curse
 e - a scroll of magic mapping
 f - 4 scrolls of enchant weapon
 l - a scroll of fog
 z - 2 scrolls of enchant armour {unknown}
 C - 2 scrolls of teleportation
 D - a scroll of fear
 E - a scroll of blinking
 F - a scroll of vulnerability {unknown}
Potions
 g - 11 potions of curing
 h - 2 potions of heal wounds
 j - 2 potions of flight
 u - a potion of resistance
 v - 3 potions of brilliance
Comestibles
 b - 23 rations


   Skills:
 + Level 12.1 Staves
 - Level 1.7 Dodging
 - Level 1.7 Stealth
 + Level 8.0 Spellcasting
 + Level 9.3 Conjurations
 - Level 1.3 Hexes
 - Level 9.0 Translocations
 + Level 8.2 Fire Magic
 + Level 2.1 Earth Magic
 - Level 1.0 Evocations


You had one spell level left.
You knew the following spells:

 Your Spells              Type           Power        Failure   Level  Hunger
a - Magic Dart            Conj           ####         1%          1    None
b - Searing Ray           Conj           #####.       1%          2    None
c - Iskenderun's Mystic   Conj/Tloc      #####...     1%          4    ###....
d - Dazzling Flash        Conj/Hex       ####..       1%          3    None
e - Blink                 Tloc           N/A          1%          2    None
f - Conjure Flame         Conj/Fire      #####...     1%          3    None
g - Apportation           Tloc           #####.       1%          1    None
h - Stone Arrow           Conj/Erth      ####..       1%          3    None
i - Sticky Flame          Conj/Fire      #####...     1%          4    ###....
j - Frozen Ramparts       Ice            #.....       3%          3    None

Your spell library contained the following spells:

 Spells                   Type           Power        Failure   Level  Hunger
 Corona                   Hex            ##.....      1%          1    None
 Animate Skeleton         Necr           N/A          3%          1    None
 Summon Small Mammal      Summ           #...         3%          1    None
 Mephitic Cloud           Conj/Pois/Air  ###.....     1%          3    None
 Fulminant Prism          Conj/Hex       ####......   1%          4    ###....
 Slow                     Hex            ##......     3%          2    None
 Call Imp                 Summ           #.......     5%          2    None


Dungeon Overview and Level Annotations

Branches:
Dungeon (12/15)            Temple (1/1) D:7            Lair (0/6) D:11
    Orc (0/2) D:11        Gauntlet (1/1)

Altars:
Ashenzari
Cheibriados
Dithmenos
Elyvilon
Fedhas
Gozag
Hepliaklqana
Kikubaaqudgha
Makhleb
Nemelex Xobeh
Okawaru
Qazlal
Ru
Sif Muna
Trog
Uskayaw
Vehumet
Wu Jian
Xom
Yredelemnul
Zin
The Shining One

Shops:
D:6 *!%:


Innate Abilities, Weirdness & Mutations

((You can breathe blasts of fire.))
((Your fiery red scales are hard. (AC +8)))
You cannot fit into any form of body armour.
((Your flesh is heat resistant. (rF+)))
((You are cold-blooded and may be slowed by cold attacks.))


Message History

The minotaur slams into the metal wall!
The minotaur throws a silver javelin.
The silver javelin pierces through you!!
The silver sears you!
Casting: Iskenderun's Mystic Blast (safe; 1% risk of failure)
Confirm with . or Enter, or press ? or * to list all spells.
You erupt in a blast of force!
The mystic blast hits the minotaur!
The minotaur is heavily wounded.
The minotaur is knocked back by the mystic blast.
The minotaur slams into the metal wall!
Unknown command.
Casting: Iskenderun's Mystic Blast (safe; 1% risk of failure)
Confirm with . or Enter, or press ? or * to list all spells.
You erupt in a blast of force!
The mystic blast hits the minotaur!
The minotaur is severely wounded.
The minotaur is knocked back by the mystic blast.
The minotaur slams into the metal wall!
The minotaur throws a silver javelin.
The silver javelin pierces through you!!
* * * LOW HITPOINT WARNING * * *
The silver sears you!
You die...

##.##### #...##≈.#....
#.⌠.#≈≈.#..#.
#...##≈.#.###
#############.⌠.###.#©.#©
#..........##...##..#...#
#.########.##.⌠.#...#[...
#.#..H...#.##...#.∩.#....
#.# #♣#.##.©.#...#####
#.# #.#......#.⌠.....#
#.######.####.©.#...#####
#........# #...#.∩.#°°##
########## #.⌠.#...#.#..
#...##..#.#.. #.⌠.#
#.#©[#© #...# ≈.#%.#.
#.⌠.# ###..


You could see a minotaur.

Vanquished Creatures
  Gastronok (D:10)
  2 two-headed ogres
  Erica (D:8)
  3 skeletal warriors (D:11)
  Pikel (D:7)
  2 cyclopes (D:11)
  Maurice (D:11)
  A large abomination (Gauntlet)
  A komodo dragon (D:11)
  A troll (D:8)
  6 hippogriffs
  A centaur simulacrum (Gauntlet)
  6 shadows (Gauntlet)
  18 yaks
  A human (D:7)
  Grum (D:8)
  2 hogs (D:7)
  6 small abominations (Gauntlet)
  2 hungry ghosts
  Menkaure (D:4)
  A water moccasin (D:5)
  An acid dragon (D:11)
  2 sky beasts
  2 phantoms (D:4)
  9 ogres
  7 orc warriors
  A black bear (D:8)
  2 ice beasts
  4 centaurs
  A necrophage (D:12)
  3 wolves (D:8)
  An eye of draining (D:9)
  2 crocodiles
  A big kobold (D:10)
  3 bullfrogs
  A gnoll sergeant (D:8)
  A water moccasin zombie (D:8)
  6 scorpions
  2 howler monkeys (D:8)
  5 crimson imps
  A bullfrog zombie (D:11)
  A centaur zombie (D:7)
  A jelly (D:9)
  A wyvern simulacrum (Gauntlet)
  5 centaur skeletons
  5 hounds
  5 orc priests
  A quasit (D:10)
  2 bullfrog skeletons
  4 iguanas
  9 orc wizards
  6 worker ants
  A bullfrog simulacrum (Gauntlet)
  A hound skeleton (D:8)
  14 adders
  6 gnolls
  3 shadow imps
  2 adder skeletons
  3 worms
  5 leopard geckos
  38 orcs
  4 giant cockroaches
  12 goblins
  10 hobgoblins
  19 jackals
  11 kobolds
  3 quokkas
  2 ball pythons
  7 bats
  3 frilled lizards
  A jackal zombie (D:9)
  A leopard gecko skeleton (D:4)
  A quokka skeleton (D:8)
  8 rats
309 creatures vanquished.

Vanquished Creatures (others)
  A slave (D:7)
  An iguana (D:7)
  A quokka skeleton (D:7)
  17 plants (D:11)
20 creatures vanquished.

Grand Total: 329 creatures vanquished

Notes
Turn   | Place    | Note
-------+----------+-------------------------------------------
     0 | D:1      | hawla the Draconian Conjurer began the quest for the Orb.
     0 | D:1      | Reached XP level 1. HP: 14/14 MP: 3/3
   429 | D:1      | Reached XP level 2. HP: 20/20 MP: 3/5
   433 | D:1      | Learned a level 2 spell: Searing Ray
  1192 | D:1      | Reached XP level 3. HP: 22/26 MP: 0/6
  1513 | D:2      | Reached skill level 5 in Conjurations
  2046 | D:2      | Reached XP level 4. HP: 33/33 MP: 5/8
  3325 | D:4      | Reached XP level 5. HP: 31/38 MP: 2/9
  3863 | D:4      | Learned a level 4 spell: Iskenderun's Mystic Blast
  3925 | D:4      | Noticed a phantom
  3943 | D:4      | Killed a phantom
  3943 | D:4      | Reached skill level 1 in Translocations
  3943 | D:4      | Reached XP level 6. HP: 45/45 MP: 1/11
  4291 | D:4      | Noticed Menkaure
  4295 | D:4      | Killed Menkaure
  4363 | D:4      | Found a glowing silver altar of Zin.
  4498 | D:4      | Your scales start taking on a fiery red colour.
  4498 | D:4      | Reached XP level 7. HP: 50/50 MP: 4/12
  4498 | D:4      | Gained mutation: Your flesh is heat resistant. (rF+) [Red
                  | Draconian growth]
  4503 | D:4      | Learned a level 3 spell: Dazzling Flash
  4606 | D:5      | Entered Level 5 of the Dungeon
  4990 | D:5      | Reached skill level 1 in Hexes
  5233 | D:5      | Reached skill level 5 in Translocations
  5544 | D:5      | Reached XP level 8. HP: 57/57 MP: 7/13
  5909 | D:6      | Found Pongeiwk's Assorted Antiques.
  5933 | D:6      | Found Tousu's Distillery.
  5938 | D:6      | Bought 2 potions of degeneration for 28 gold pieces
  5988 | D:6      | Found Qanuakh's Food Boutique.
  6474 | D:6      | Found Keimecs's Book Shop.
  6479 | D:6      | Reached skill level 1 in Staves
  6689 | D:6      | Learned a level 2 spell: Blink
  6693 | D:6      | Learned a level 3 spell: Conjure Flame
  7054 | D:7      | Reached skill level 1 in Fire Magic
  7123 | D:7      | Reached skill level 2 in Staves
  7438 | D:7      | Reached skill level 5 in Spellcasting
  7499 | D:7      | Found a staircase to the Ecumenical Temple.
  7510 | D:7      | Noticed Pikel
  7538 | D:7      | Killed Pikel
  7538 | D:7      | Reached skill level 3 in Staves
  7538 | D:7      | Reached XP level 9. HP: 31/62 MP: 13/17
  7580 | Temple   | Entered the Ecumenical Temple
  7960 | Temple   | Became a worshipper of Vehumet
  7983 | D:7      | Learned a level 1 spell: Apportation
  8879 | D:7      | Reached skill level 4 in Staves
  8904 | D:7      | Reached skill level 5 in Fire Magic
  9423 | D:8      | Reached skill level 5 in Staves
  9425 | D:8      | Noticed Grum
  9440 | D:8      | Killed Grum
  9641 | D:8      | Reached * piety under Vehumet
  9641 | D:8      | Offered knowledge of Shock by Vehumet.
  9963 | D:8      | Reached XP level 10. HP: 69/69 MP: 16/20
 10679 | D:9      | Reached skill level 6 in Staves
 11013 | D:8      | Noticed Erica
 11025 | D:8      | Killed Erica
 11235 | D:8      | Offered knowledge of Sandblast by Vehumet.
 11235 | D:8      | Reached skill level 7 in Staves
 11287 | D:8      | Reached ** piety under Vehumet
 11641 | D:9      | Reached skill level 8 in Staves
 11862 | D:9      | Reached skill level 9 in Staves
 12222 | D:9      | You fall into a shaft and drop 1 floor!
 12222 | D:10     | Entered Level 10 of the Dungeon
 12316 | D:9      | Offered knowledge of Stone Arrow by Vehumet.
 12321 | D:9      | Learned a level 3 spell: Stone Arrow
 12719 | D:9      | Noticed a two-headed ogre
 12731 | D:9      | Killed a two-headed ogre
 12731 | D:9      | Reached XP level 11. HP: 63/74 MP: 6/23
 13048 | D:10     | Noticed Gastronok
 14214 | D:10     | Found a stormy altar of Qazlal.
 14448 | D:10     | Killed Gastronok
 14448 | D:10     | Reached skill level 10 in Staves
 14719 | D:10     | Reached *** piety under Vehumet
 15235 | D:11     | Noticed Maurice
 15245 | D:11     | Killed Maurice
 15245 | D:11     | Reached skill level 11 in Staves
 15715 | D:11     | Offered knowledge of Sticky Flame by Vehumet.
 15721 | D:11     | Learned a level 4 spell: Sticky Flame
 15783 | D:11     | Noticed a skeletal warrior
 15795 | D:11     | Noticed a skeletal warrior
 15797 | D:11     | Killed a skeletal warrior
 15797 | D:11     | Noticed a skeletal warrior
 15918 | D:11     | Killed a skeletal warrior
 15975 | D:11     | Killed a skeletal warrior
 16185 | D:11     | Reached skill level 1 in Evocations
 16255 | D:11     | Found a staircase to the Lair.
 16315 | D:11     | Noticed a two-headed ogre
 16497 | D:11     | Reached XP level 12. HP: 81/81 MP: 24/24
 16771 | D:11     | Found a staircase to the Orcish Mines.
 16968 | D:11     | Killed a two-headed ogre
 17063 | D:11     | Reached **** piety under Vehumet
 17078 | D:11     | Reached skill level 12 in Staves
 17410 | D:12     | Found a gate leading to a gauntlet.
 17432 | Gauntlet | Entered a Gauntlet
 17432 | Gauntlet | Found a transporter.
 17432 | Gauntlet | Found a transporter.
 17450 | Gauntlet | Found a transporter.
 17454 | Gauntlet | Found a transporter.
 17496 | Gauntlet | Found a transporter.
 17500 | Gauntlet | Found a transporter.
 17573 | Gauntlet | Found a transporter.
 17573 | Gauntlet | Found a transporter.
 17574 | Gauntlet | Found a transporter.
 17574 | Gauntlet | Found a transporter.
 17600 | Gauntlet | Reached skill level 1 in Earth Magic
 17608 | Gauntlet | Offered knowledge of Frozen Ramparts by Vehumet.
 17616 | Gauntlet | Learned a level 3 spell: Frozen Ramparts
 17674 | Gauntlet | Found a transporter.
 17674 | Gauntlet | Found a transporter.
 17791 | Gauntlet | Got a smoking hat
 17802 | Gauntlet | Identified the +2 hat of the Falcon {+Inv rPois MR++ Str-4
                  | Dex-2} (You found it in a Gauntlet)
 17881 | Gauntlet | Noticed a minotaur
 17891 | Gauntlet | Hit by a silver javelin thrown by a minotaur

Illustrated notes

Levels and vault maps discovered:
D:1:      dpeg_arrival_round_a, layout_rooms, serial_glass, glass_columns_a,
          glass_columns_a
D:2:      layout_loops_ring, minmay_misc_feat_doors, dk_noncrumbling_4
D:3:      layout_basic, first_ration
D:4:      layout_gridville, kennysheep_mini_moat, uniq_menkaure
D:5:      layout_loops_ring
D:6:      layout_basic, serial_shops, shop_fountains, shop, shop_fountains, shop
D:7:      layout_layer_cave, minmay_temple_entry_offerings, grunt_livestock,
          uniq_pikel
D:8:      layout_basic, uniq_grum, uniq_erica
D:9:      layout_loops_cross, special_room [special_room_orc],
          kennysheep_generic_room_15
D:10:     layout_roguey, skrybe_limestone_x, grunt_qazlal_sundering,
          uniq_gastronok
D:11:     layout_basic, david_lair_shrubbed, orc_0_dummy, nooodl_food_tri,
          uniq_maurice
D:12:     layout_roguey, gauntlet_entry_generic
Temple:   nicolae_temple_the_god_donut
Gauntlet: minmay_gauntlet_77_indecision
          [minmay_gauntlet_arena_77_radiant_squares,
          minmay_gauntlet_arena_77_braids,
          minmay_gauntlet_arena_77_chump_sandwich, minmay_gauntlet_arena_77_box,
          minmay_gauntlet_arena_77_squiggly,
          minmay_gauntlet_arena_77_double_cross, gauntlet_exit_spiral]

Skill      XL: |  1  2  3  4  5  6  7  8  9 10 11 12 |
---------------+-------------------------------------+-----
Conjurations   | 5 6 7 8 9 |  9.3
Spellcasting   | 3 5 7 8 |  8.0
Translocations | 1 3 5 6 7 9 |  9.0
Hexes          | 1 |  1.3
Staves         | 3 5 9 11 12 | 12.1
Fire Magic     | 3 6 8 |  8.2
Evocations     | 1 |  1.0
Earth Magic    | 2 |  2.1
Dodging        | |  1.7
Stealth        | |  1.7

Action                   |  1- 3 |  4- 6 |  7- 9 | 10-12 || total
-------------------------+-------+-------+-------+-------++-------
Melee: Unarmed           |    10 |       |       |       ||    10
       Tailslap          |     2 |       |     6 |     3 ||    11
       Whip              |    10 |       |       |       ||    10
       Quarterstaff      |       |     3 |    66 |    21 ||    90
 Cast: Magic Dart        |    53 |    59 |   121 |    87 ||   320
       Searing Ray       |    12 |    19 |    57 |   120 ||   208
       Iskenderun's Myst |       |       |     7 |    92 ||    99
       Dazzling Flash    |       |       |     2 |     2 ||     4
       Stone Arrow       |       |       |       |    17 ||    17
       Conjure Flame     |       |       |       |     2 ||     2
       Apportation       |       |       |       |     1 ||     1
       Sticky Flame      |       |       |       |     8 ||     8
 Abil: Stop Flying       |       |       |       |     1 ||     1
Evoke: Wand              |       |       |       |    15 ||    15
  Use: Scroll            |     2 |     5 |    12 |     3 ||    22
       Potion            |       |       |     7 |     3 ||    10
  Eat: Chunk             |     5 |     8 |    16 |    15 ||    44
       Ration            |       |       |     1 |     7 ||     8
Armor: Skin              |    11 |     8 |    59 |    45 ||   123
Dodge: Dodged            |    15 |    11 |   189 |   182 ||   397
